 Dungeon Crawl Stone Soup version 0.26-a0-188-ga22346179c (webtiles) character file.

Game seed: 10127895378199603143

34 Coward the Ruffian (level 3, -1/28 HPs)
             Began as a Draconian Transmuter on July 4, 2020.
             Slain by an adder (2 damage)
             ... on level 3 of the Dungeon.
             The game lasted 00:18:33 (2534 turns).

Coward the Ruffian (Draconian Transmuter)           Turns: 2534, Time: 00:18:33

Health: -1/28      AC:  5    Str: 12 (13) XL:     3   Next: 14%
Magic:  5/6        EV: 12    Int: 11 (13) God:
Gold:   58         SH:  0    Dex:  8 (11) Spells: 3/6 levels left

rFire    . . .     SeeInvis .     - Unarmed
rCold    . . .     Faith    .   (no shield)
rNeg     . . .     Spirit   .   (armour unavailable)
rPois    .         Reflect  .   (helmet restricted)
rElec    .         Harm     .   (no cloak)
rCorr    .                      (no gloves)
MR       .....                  (boots currently unavailable)
Stlth    +.........             (no amulet)
HPRegen  0.09/turn              (no ring)
MPRegen  0.10/turn              (no ring)

@: brilliant, lethally poisoned (-1 -> -8), appendage
A: unfitting armour, talons 3, cold-blooded, AC +5
a: End Transformation


You were on level 3 of the Dungeon.
You were not hungry.
You had grown temporary talons.
You visited 1 branch of the dungeon, and saw 3 of its levels.

You collected 58 gold pieces.

Inventory:

Hand Weapons
 j - a +0 dagger
Missiles
 a - 11 arrows (quivered)
Scrolls
 b - a scroll of magic mapping {unknown}
 e - a scroll of teleportation {unknown}
 f - 2 scrolls of identify {unknown}
 i - a scroll of fog {unknown}
Comestibles
 c - 2 chunks of flesh


   Skills:
 - Level 1.1 Fighting
 - Level 1.7 Dodging
 + Level 0.2 Stealth
 + Level 3.5 Unarmed Combat
 + Level 2.3 Spellcasting
 * Level 2.6 Transmutations


You had 3 spell levels left.
You knew the following spells:

 Your Spells              Type           Power        Failure   Level  Hunger
a - Beastly Appendage     Tmut           ##....       10%         1    None
b - Sticks to Snakes      Tmut           ##......     14%         2    None

Your spell library contained the following spells:

 Spells                   Type           Power        Failure   Level  Hunger
 Spider Form              Tmut/Pois      #.........   43%         3    None
 Ice Form                 Ice/Tmut       #.......     85%         4    None
 Blade Hands              Tmut           ##........   95%         5    None


Dungeon Overview and Level Annotations

Branches:
Dungeon (3/15)

Altars:


Innate Abilities, Weirdness & Mutations

Your plain brown scales are hard. (AC +5)
You cannot fit into any form of body armour.
You are cold-blooded and may be slowed by cold attacks.
You have claws for feet.


Message History

The kobold hits you with a +0 short sword.
* * * LOW HITPOINT WARNING * * *
The adder bites you but does no damage.
You hit the adder.
The adder is heavily wounded.
The kobold barely misses you. The adder bites you.
* * * LOW HITPOINT WARNING * * *
It was a potion of brilliance.
You feel clever all of a sudden.
* * * LOW HITPOINT WARNING * * *
You feel sick. The adder bites you but does no damage.
The kobold hits you with a +0 short sword.
* * * LOW HITPOINT WARNING * * *
The gnoll barely misses you.
It was a potion of degeneration.
There was something very wrong with that liquid.
You feel weakened.
You feel dopey.
You feel clumsy.
* * * LOW HITPOINT WARNING * * *
You feel sick. The adder bites you.
You die...

#######.#####g##..#
...................
#####..######.####
#...# #...# ####..##
#.### #..!.## #.#
#g##.# #.# #S##.# #.#
#@#..# #.# #K#.##
##÷# gg.$ ###..#
g...# #.<†##
....................
.................#..#
......######........#
###.$#.# #......#.#
#......# #


You could see 3 gnolls, an adder, a hobgoblin and a kobold.

Vanquished Creatures
  A gnoll (D:1)
  A worm (D:3)
  A dart slug (D:1)
  A leopard gecko (D:1)
  2 bats (D:1)
  2 giant cockroaches
  2 hobgoblins (D:2)
  3 jackals (D:1)
  A kobold (D:1)
  2 frilled lizards
  A goblin (D:1)
  A rat (D:3)
  2 bushes (D:1)
  4 plants (D:1)
24 creatures vanquished.

Notes
Turn   | Place    | Note
-------+----------+-------------------------------------------
     0 | D:1      | Coward the Draconian Transmuter began the quest for the
                  | Orb.
     0 | D:1      | Reached XP level 1. HP: 16/16 MP: 3/3
   696 | D:1      | Reached XP level 2. HP: 23/23 MP: 3/5
  1215 | D:1      | Learned a level 2 spell: Sticks to Snakes
  2034 | D:1      | HP: 1/23 [gnoll/+0 spear (8)]
  2239 | D:2      | Reached XP level 3. HP: 19/28 MP: 4/6
  2503 | D:3      | Found a faded altar of an unknown god.
  2533 | D:3      | HP: 1/28 [kobold/+0 short sword (2)]
  2534 | D:3      | Slain by an adder

Illustrated notes

Levels and vault maps discovered:
D:1:      onia_arrival_mini_maze_b, layout_loops_corners, serial_forest,
          infiniplex_forest_split, infiniplex_forest_clump_double,
          infiniplex_forest_clump_long, infiniplex_forest_pool,
          infiniplex_forest_join, infiniplex_forest_clump_double,
          infiniplex_forest_corner_1, serial_bayou_pond_d,
          kennysheep_nondescript
D:2:      layout_loops_cross, bloody_trog
D:3:      layout_rooms, chequers_ecumenical_altar_simple

Action                   || total
-------------------------++-------
Melee: Unarmed           ||   644
       Tailslap          ||   140
       Punch             ||    23
       Kick              ||     6
 Cast: Beastly Appendage ||    16
       Sticks to Snakes  ||     1
  Use: Potion            ||     2
  Eat: Ration            ||     2
       Chunk             ||     1
Armor: Skin              ||    30
Dodge: Dodged            ||    70

Table legend:
 A = Non-vault XP
 B = Vault XP
 C = Vault XP percentage of total XP
 D = Non-vault monster count
 E = Vault monster count
 F = Vault count percentage of total count
                 A         B        C        D         E       F
            +---------+---------+-------+---------+---------+-------
      Total |      49 |       0 |   0.0 |      18 |       0 |   0.0
            +---------+---------+-------+---------+---------+-------
        D:1 |      36 |       0 |   0.0 |      12 |       0 |   0.0
        D:2 |       5 |       0 |   0.0 |       3 |       0 |   0.0
        D:3 |       8 |       0 |   0.0 |       3 |       0 |   0.0
            +---------+---------+-------+---------+---------+-------
